 Dungeon Crawl Stone Soup version 0.25-a0-860-gf695395b5c (webtiles) character file.

Game seed: 12664350888356148255, levelgen mode: deterministic

306330 Conn the Eclecticist (level 21, -35/124 HPs)
             Began as an Octopode Wizard on Apr 29, 2020.
             Was an Elder of Sif Muna.
             Blown up by a spellforged servitor (80 damage)
             ... with an orb of destruction
             ... on level 4 of the Spider Nest on Apr 30, 2020.
             The game lasted 07:19:45 (59864 turns).

Conn the Eclecticist (Octopode Wizard)             Turns: 59864, Time: 07:19:46

Health: -35/124    AC:  3    Str:  8    XL:     21   Next: 52%
Magic:  1/63       EV: 21    Int: 33    God:    Sif Muna [****..]
Gold:   3637       SH:  0    Dex: 10    Spells: 1/60 levels left

rFire    + + +     SeeInvis +   a - staff of conjuration
rCold    . . .     Gourm    .   (no shield)
rNeg     + . .     Faith    .   o - +2 hat
rPois    +         Spirit   .   x - amulet of the Four Winds {rN+ MR+++ Clar}
rElec    +         Reflect  .   j - +6 ring of evasion
rCorr    +         Harm     .   Z - ring of magical power
MR       ++++.     Clarity  +   g - ring of protection from cold
Stlth    ++++......             v - ring of fire
HPRegen  0.30/turn              Y - ring of wizardry
MPRegen  0.38/turn              O - ring "Zoridd" {rF++ MP+9 Stlth+}
                                P - +4 ring of intelligence
                                I - ring of Kefi Efu {rElec rPois rCorr SInv Stlth-}

@: studying Ice Magic
A: almost no armour, stealthy swim, amphibious, 8 rings, constrict 8, camouflage
1, gelatinous body 1
}: 1/15 runes: barnacled
a: Channel Magic, Forget Spell, Divine Exegesis, Renounce Religion


You were on level 4 of the Spider Nest.
You worshipped Sif Muna.
Sif Muna was greatly pleased with you.
You were not hungry.

You visited 7 branches of the dungeon, and saw 35 of its levels.
You visited 1 bazaar.
You also visited: Gauntlet, Volcano and Wizlab.

You collected 5619 gold pieces.
You spent 1982 gold pieces at shops.

Inventory:

Hand Weapons
 z - a +7 vorpal short sword
 E - the +9 falchion of Tender Mercy {venom, rElec rPois Stlth-}
   (You found it on level 1 of the Lair of Beasts)

   It poisons the flesh of those it strikes.
   It insulates you from electricity.
   It protects you from poison.
   It makes you less stealthy.
Missiles
 m - 6 curare-tipped darts (quivered)
Armour
 o - a +2 hat (worn)
 q - a +2 buckler of resistance
 B - a +3 buckler of protection
Magical Staves
 a - an uncursed staff of conjuration (weapon)
 b - an uncursed staff of wizardry
Jewellery
 d - an uncursed amulet of harm
 g - a ring of protection from cold (on tentacle)
 j - a +6 ring of evasion (left tentacle)
 l - an uncursed ring of ice
 n - an uncursed ring of flight
 v - a ring of fire (on tentacle)
 x - the amulet of the Four Winds (around mantle) {rN+ MR+++ Clar}
   (You took it off a deep elf demonologist on level 3 of the Elven Halls)

   [amulet of nothing]

   It protects you from negative energy.
   It affects your resistance to hostile enchantments.
   It protects you against confusion.
 y - an uncursed ring of magical power
 I - the ring of Kefi Efu (on tentacle) {rElec rPois rCorr SInv Stlth-}
   (You found it in a Gauntlet)

   [ring of resist corrosion]

   It insulates you from electricity.
   It protects you from poison.
   It lets you see invisible.
   It provides partial protection from all sources of acid and corrosion.
   It makes you less stealthy.
 L - an uncursed ring of ice
 O - the ring "Zoridd" (on tentacle) {rF++ MP+9 Stlth+}
   (You bought it in a shop on level 2 of the Orcish Mines)

   [ring of magical power]

   It greatly protects you from fire.
   It affects your magic capacity (+9).
   It makes you more stealthy.
 P - a +4 ring of intelligence (on tentacle)
 S - an uncursed ring of protection from magic
 Y - a ring of wizardry (on tentacle)
 Z - a ring of magical power (right tentacle)
Wands
 F - a wand of acid (26)
 T - a wand of digging (21)
 X - a wand of clouds (7)
Scrolls
 e - 8 scrolls of immolation
 f - 8 scrolls of enchant armour
 h - a scroll of magic mapping
 i - 2 scrolls of fog
 s - 7 scrolls of fear
 u - 15 scrolls of remove curse
 C - 4 scrolls of amnesia
 J - 2 scrolls of blinking
 M - 2 scrolls of summoning
 Q - 12 scrolls of teleportation
 R - 16 scrolls of identify
Potions
 k - 5 potions of haste
 p - 16 potions of curing
 r - 7 potions of lignification
 t - 6 potions of heal wounds
 w - a potion of degeneration {unknown}
 A - 9 potions of flight
 D - 2 potions of brilliance
 G - 8 potions of mutation
 K - 5 potions of might
 N - 5 potions of magic
 V - 3 potions of invisibility
Books
 U - a manual of Ice Magic
Comestibles
 c - 54 rations


   Skills:
 + Level 5.0 Fighting
 + Level 7.6 Short Blades
 + Level 1.1(4.9) Long Blades
 + Level 2.1 Staves
 + Level 1.2 Throwing
 + Level 6.6 Dodging
 - Level 6.2 Stealth
 + Level 6.3 Shields
 * Level 20.4 Spellcasting
 + Level 16.8 Conjurations
 - Level 4.7 Charms
 - Level 6.0 Summonings
 * Level 7.8 Translocations
 * Level 10.9 Fire Magic
 * Level 5.6 Ice Magic
 - Level 4.0 Air Magic
 - Level 4.0 Earth Magic
   Level 4.4 Poison Magic
 - Level 5.4 Invocations
 + Level 1.8 Evocations


You had one spell level left.
You knew the following spells:

 Your Spells              Type           Power        Failure   Level  Hunger
a - Magic Dart            Conj           ####         0%          1    None
b - Blink                 Tloc           N/A          1%          2    None
c - Spellforged Servitor  Conj/Summ      ########..   3%          7    ##.....
d - Airstrike             Air            ######....   1%          4    None
e - Ignition              Fire           ########..   28%         8    ####...
f - Iskenderun's Battles  Conj/Chrm      ########     1%          5    None
g - Bolt of Magma         Conj/Fire/Erth ########..   1%          5    None
h - Orb of Destruction    Conj           ########..   1%          7    ##.....
i - Fireball              Conj/Fire      ########..   1%          5    None
j - Ozocubu's Armour      Chrm/Ice       ######..     1%          3    None
k - Freezing Cloud        Conj/Ice/Air   #######...   1%          6    None
l - Dispersal             Tloc           ######....   2%          6    None

Your spell library contained the following spells:

 Spells                   Type           Power        Failure   Level  Hunger
 Foxfire                  Conj/Fire      ####         0%          1    None
 Shock                    Conj/Air       ####         0%          1    None
 Animate Skeleton         Necr           N/A          1%          1    None
 Apportation              Tloc           ######       1%          1    None
 Corona                   Hex            ####...      1%          1    None
 Freeze                   Ice            ####         1%          1    None
 Pain                     Necr           ####         1%          1    None
 Sandblast                Erth           ######       1%          1    None
 Sting                    Tmut/Pois      ####         1%          1    None
 Summon Butterflies       Summ           ######..     1%          1    None
 Summon Small Mammal      Summ           ####         1%          1    None
 Searing Ray              Conj           ######       0%          2    None
 Conjure Flame            Conj/Fire      ########     0%          3    None
 Call Imp                 Summ           ######..     1%          2    None
 Passwall                 Tmut/Erth      #####...     1%          2    None
 Poisonous Vapours        Pois/Air       ######       1%          2    None
 Shroud of Golubria       Chrm/Tloc      ######       1%          2    None
 Slow                     Hex            ####....     1%          2    None
 Sticks to Snakes         Tmut           ####....     1%          2    None
 Sublimation of Blood     Necr           ####......   1%          2    None
 Swiftness                Chrm/Air       ######..     1%          2    None
 Call Canine Familiar     Summ           ######..     1%          3    None
 Dazzling Flash           Conj/Hex       ######       1%          3    None
 Frozen Ramparts          Ice            ######       1%          3    None
 Gell's Gravitas          Tloc           ######....   1%          3    None
 Ignite Poison            Fire/Tmut/Pois #######.     1%          3    None
 Inner Flame              Hex/Fire       #######.     1%          3    None
 Lesser Beckoning         Tloc           ######....   1%          3    None
 Mephitic Cloud           Conj/Pois/Air  #######.     1%          3    None
 Portal Projectile        Hex/Tloc       ######       1%          3    None
 Recall                   Summ/Tloc      N/A          1%          3    None
 Spectral Weapon          Hex/Chrm       #####...     1%          3    None
 Static Discharge         Conj/Air       ########     1%          3    None
 Stone Arrow              Conj/Erth      ######       1%          3    None
 Summon Guardian Golem    Hex/Summ       ######..     1%          3    None
 Teleport Other           Tloc           ######..     1%          3    None
 Vampiric Draining        Necr           ####......   1%          3    None
 Fulminant Prism          Conj/Hex       #######...   1%          4    None
 Hailstorm                Conj/Ice       ########     1%          4    None
 Ice Form                 Ice/Tmut       ######..     1%          4    None
 Iskenderun's Mystic Bla  Conj/Tloc      ########     1%          4    None
 Leda's Liquefaction      Hex/Erth       #####.....   1%          4    None
 Olgreb's Toxic Radiance  Pois           ######..     1%          4    None
 Passage of Golubria      Tloc           N/A          1%          4    None
 Petrify                  Tmut/Erth      #####...     1%          4    None
 Sticky Flame             Conj/Fire      ########     1%          4    None
 Summon Ice Beast         Ice/Summ       ######..     1%          4    None
 Aura of Abjuration       Summ           ######....   1%          5    None
 Irradiate                Conj/Tmut      #######...   1%          5    None
 Lightning Bolt           Conj/Air       ########..   1%          5    None
 Summon Forest            Summ/Tloc      ######....   1%          5    None
 Iron Shot                Conj/Erth      ########..   1%          6    None
 Starburst                Conj/Fire      ########..   1%          6    None
 Lee's Rapid Deconstruct  Erth           ######....   2%          5    None
 Metabolic Englaciation   Hex/Ice        ######....   3%          5    None
 Summon Mana Viper        Hex/Summ       ######..     3%          5    None
 Animate Dead             Necr           N/A          4%          4    None
 Cause Fear               Hex            ####......   4%          4    None
 Alistair's Intoxication  Tmut/Pois      #####...     4%          5    None
 Borgnjor's Vile Clutch   Necr/Erth      #####.....   4%          5    None
 Shadow Creatures         Summ           N/A          5%          6    None
 Agony                    Necr           ####....     11%         5    None
 Yara's Violent Unravell  Hex/Tmut       ####......   11%         5    None
 Ring of Flames           Chrm/Fire      #######...   13%         7    ##.....
 Simulacrum               Ice/Necr       ######....   19%         6    None
 Malign Gateway           Summ/Tloc      ######....   19%         7    ##.....
 Eringya's Noxious Bog    Tmut/Pois      #####.....   24%         6    None
 Statue Form              Tmut/Erth      #####....    26%         6    None
 Monstrous Menagerie      Summ           ######....   26%         7    ##.....
 Summon Greater Demon     Summ           ######....   26%         7    ##.....
 Summon Hydra             Summ           ######....   26%         7    ##.....
 Chain Lightning          Conj/Air       ########..   32%         8    ####...
 Lehudib's Crystal Spear  Conj/Erth      ########..   32%         8    ####...
 Darkness                 Hex            ####......   50%         6    None
 Death Channel            Necr           ####......   50%         6    None
 Haunt                    Necr/Summ      ######....   65%         7    ##.....
 Controlled Blink         Tloc           N/A          67%         8    ####...
 Disjunction              Tloc           ######....   67%         8    ####...
 Fire Storm               Conj/Fire      ########..   75%         9    ######.
 Summon Horrible Things   Summ           ######....   89%         8    ####...
 Dragon Form              Tmut           ####......   96%         7    ##.....
 Discord                  Hex            ####......   100%        8    ####...
 Dragon's Call            Summ           ######....   100%        9    ######.
 Shatter                  Erth           ######....   100%        9    ######.
 Tornado                  Air            ######....   100%        9    ######.


Dungeon Overview and Level Annotations

Branches:
Dungeon (15/15)            Temple (1/1) D:5            Lair (6/6) D:10
 Shoals (4/4) Lair:2       Spider (4/4) Lair:2        Slime (0/5) Lair:5
    Orc (2/2) D:12            Elf (3/3) Orc:2        Vaults (0/5) D:13
 Depths (0/5) D:15        Volcano (visited)          WizLab (visited)
Gauntlet (visited)

Altars:
Ashenzari
Cheibriados
Dithmenos
Elyvilon
Fedhas
Gozag
Hepliaklqana
Kikubaaqudgha
Makhleb
Nemelex Xobeh
Okawaru
Qazlal
Ru
Sif Muna
Trog
Uskayaw
Vehumet
Wu Jian
Xom
Yredelemnul
Zin
The Shining One
Beogh

Shops:
D:5 *   D:6 *   D:9 %   Orc:1 !   Orc:2 ?*=*

Annotations:
D:4 exclusion: oklob plant
Shoals:2 1 exclusion
Spider:4 Mara


Innate Abilities, Weirdness & Mutations

You cannot wear most types of armour.
You are very stealthy in the water. (Stealth+)
You are amphibious.
You can wear up to eight rings at the same time.
You can use your tentacles to constrict eight enemies at once.
Your skin changes colour to match your surroundings (Stealth+).
Your rubbery body absorbs attacks. (AC +1, EV +1)


Message History

The spellforged servitor conjures an orb of pure magic.
An orb of destruction comes into view.
Casting: Spellforged Servitor (dangerous; 3% risk of failure)
Confirm with . or Enter, or press ? or * to list all spells.
Aiming: Bolt of Magma (safe; 1% risk of failure)
Press: ? - help, Shift-Dir - straight line, f - Mara
Aim: Mara, wielding a +2 demon trident of freezing and wearing a +0 robe (almost dead)
You feel a strong surge of power!
The bolt of magma misses Mara.
The bolt of magma hits Conn's illusion!!!
Conn's illusion partially resists.
Conn's illusion is moderately wounded.
Your spellforged servitor hums quietly as it recharges.
The spellforged servitor hums quietly as it recharges.
The wavering orb of destruction hits Mara!!!
Mara is blown up!
Conn's illusion shimmers and vanishes!
The spellforged servitor disappears in a puff of smoke!
The orb of destruction hits you!!!!
Ouch! That really hurt!
You die...

..#..^...............^.......%^..
####^..............#.#.......#..○
##.#........#.....^.....†....°
###..............#....#.#....
####............§..........
#......#.#...§...^#.≈%.#
#^...#^..☼○○.§...^....##
##.#....○)......†..†††^#
#########......@#..8○.#...##..≈#
##^^#..#.#..#..#.".....^#..###.†.
.).(......^..#.............## .≈.
...........^...)##...#..†...# ##.
....#^.^..#....#.^....#.....# .
..#...##...#..#.............#
.........)..#......#..#.....#
..#^.........^.....#.#.#....#
^.^#.....#...^.........^....#


There were no monsters in sight!

Vanquished Creatures
  2 deep elf master archers (Elf:3)
  4 deep elf blademasters (Elf:3)
  An eldritch tentacle (WizLab)
  A tentacled starspawn (WizLab)
  Kirke (Lair:6)
  Agnes (Spider:4)
  Roxanne (Shoals:1)
  3 deep elf sorcerers
  4 deep elf elementalists
  2 emperor scorpions
  5 deep elf demonologists
  An entropy weaver (Spider:3)
  A minotaur (Gauntlet)
  4 deep elf annihilators
  A deep elf death mage (Elf:3)
  An ettin (D:15)
  6 merfolk impalers
  An ogre mage (D:15)
  6 merfolk javelineers
  A great orb of eyes (D:13)
  3 deep elf high priests (Elf:3)
  2 rakshasas (WizLab)
  8 hydras
  2 merfolk avatars (Shoals:4)
  2 alligator snapping turtles
  2 merfolk aquamancers
  Erica (D:11)
  A satyr (Shoals:2)
  13 two-headed ogres
  6 centaur warriors
  A nameless horror (WizLab)
  26 dancing weapons
  2 tengu warriors
  A thrashing horror (WizLab)
  6 orc high priests
  Urug (D:11)
  2 hell knights (D:13)
  Sonja (Lair:2)
  11 deep elf knights
  2 skeletal warriors (Volcano)
  A glowing orange brain (WizLab)
  15 sea snakes
  2 unseen horrors
  A spriggan druid (Elf:3)
  A deep troll (D:15)
  An orange crystal statue (Gauntlet)
  An obsidian statue (WizLab)
  13 deep elf archers
  2 wizards (D:13)
  3 necromancers (D:13)
  9 harpies
  An anaconda skeleton (Volcano)
  2 wolf spider zombies (D:14)
  53 deep elf magi
  10 orb spiders
  8 ugly things
  4 oklob plants (Lair:1)
  An orc sorcerer (Elf:1)
  15 wolf spiders
  4 cyclopes
  2 worldbinders (WizLab)
  9 fauns
  4 elephants (Lair:6)
  13 manticores
  A moth of wrath (Spider:3)
  2 rust devils (D:13)
  An apocalypse crab (WizLab)
  6 merfolk sirens
  A toenail golem (Volcano)
  2 centaur zombies
  An orange demon (D:13)
  3 black mambas
  A smoke demon (WizLab)
  5 gargoyles
  3 water nymphs
  A torpor snail (Lair:2)
  24 spiny frogs
  A rime drake (Lair:5)
  6 kobold demonologists
  A redback zombie (D:15)
  8 demonic crawlers
  6 komodo dragons
  A rime drake (shapeshifter) (D:15)
  3 tengu conjurers
  2 hellwings (WizLab)
  15 jumping spiders
  A meliai (D:13)
  2 polar bears (Elf:3)
  5 trolls
  A merfolk (shapeshifter) (D:15)
  8 wind drakes
  A slime creature (shapeshifter) (Elf:1)
  19 merfolk
  2 hornets
  3 tyrant leeches (Lair:6)
  7 snapping turtles
  3 harpy skeletons (Volcano)
  16 slime creatures
  24 blink frogs
  13 hippogriffs
  2 meliai zombies (D:14)
  A snapping turtle (shapeshifter) (Elf:1)
  5 dream sheep
  Sigmund (D:4)
  2 flying skulls (Volcano)
  60 redbacks
  An alligator skeleton (Volcano)
  A ynoxinul (WizLab)
  2 shadows
  5 small abominations (Gauntlet)
  2 fire elementals (Elf:1)
  21 tarantellas
  6 water elementals
  2 wraiths
  2 wyverns
  4 basilisks
  3 hogs (Lair:6)
  81 yaks
  3 hungry ghosts
  4 humans (D:13)
  2 chaos spawn (WizLab)
  A golden eye (shapeshifter) (Elf:1)
  7 vampire mosquitoes
  2 spatial vortices (WizLab)
  5 wargs
  7 hell hounds
  2 insubstantial wisps (WizLab)
  An acid dragon (D:15)
  9 water moccasins
  9 porcupines
  A floating eye (shapeshifter) (D:14)
  4 ice beasts
  2 sky beasts
  11 orc warriors
  An eye of draining (D:13)
  4 phantoms
  2 necrophages
  2 black bears
  16 ogres
  A wolf (Elf:3)
  28 centaurs
  4 boggarts
  17 crocodiles
  8 big kobolds
  24 bullfrogs
  A gnoll sergeant (D:10)
  3 earth elementals
  A wyvern skeleton (D:14)
  3 scorpions
  3 killer bees (D:10)
  A troll skeleton (Volcano)
  4 howler monkeys
  A spriggan skeleton (Volcano)
  6 electric eels
  4 bullfrog zombies
  4 crimson imps
  3 bullfrog skeletons
  9 jellies
  A quasit (D:8)
  7 hounds
  34 orc priests
  A centaur skeleton (D:4)
  Jessica (D:2)
  Terence (D:2)
  7 iguanas
  Natasha (thrice) (D:2)
  8 orc wizards
  3 hell rats (Lair:5)
  15 worker ants
  4 naga skeletons (Volcano)
  4 gnolls (D:10)
  10 adders
  2 howler monkey skeletons
  3 river rats (Lair:5)
  4 shadow imps
  2 worms
  2 dart slugs
  6 leopard geckos
  90 orcs
  2 bats
  5 giant cockroaches
  8 goblins
  5 hobgoblins
  18 jackals
  6 quokkas
  2 frilled lizards (D:2)
  29 kobolds
  A leopard gecko skeleton (D:5)
  7 rats
  A spectral orc (D:8)
  A lurking horror (WizLab)
  2 plants
  4 starspawn tentacles (WizLab)
  A tentacle (Shoals:3)
1235 creatures vanquished.

Vanquished Creatures (collateral kills)
  A tentacled monstrosity (WizLab)
  Jorgrun (D:13)
  A tentacled starspawn (WizLab)
  Louise (D:15)
  4 deep elf sorcerers (Elf:3)
  The ghost of flestrin the Phalangite, a journeyman MfBe of Trog (Shoals:2)
  2 deep elf elementalists (Elf:3)
  An entropy weaver (Spider:3)
  A deep elf demonologist (Elf:3)
  Nessos (D:14)
  3 deep elf annihilators (Elf:3)
  A merfolk impaler (Shoals:4)
  A deep elf death mage (Elf:2)
  A vault guard (D:13)
  A merfolk avatar (Shoals:3)
  An alligator snapping turtle (Shoals:4)
  4 dancing weapons
  3 tengu warriors
  3 deep elf knights (Elf:2)
  2 hell knights (D:13)
  A deep elf archer (Elf:1)
  2 starcursed masses (WizLab)
  A harpy (Shoals:3)
  2 orb spiders
  A wolf spider (Spider:1)
  7 deep elf magi
  2 ugly things (D:14)
  A centaur zombie (D:8)
  A cyclops (Shoals:3)
  2 manticores
  A merfolk siren (Shoals:3)
  A gargoyle (D:14)
  A centaur skeleton (D:14)
  A komodo dragon (D:14)
  2 efreet
  A demonic crawler (Spider:4)
  A freezing wraith (WizLab)
  A troll (D:15)
  2 meliai (D:13)
  10 merfolk
  4 jumping spiders
  5 slime creatures (D:13)
  A wind drake (Shoals:4)
  A blink frog (WizLab)
  A raiju (WizLab)
  A meliai zombie (D:13)
  4 snapping turtles
  4 tarantellas (Spider:3)
  17 redbacks
  6 humans (D:13)
  A yak (D:14)
  A vampire mosquito (D:14)
  A water moccasin (D:13)
  3 hell hounds
  An ice beast (D:6)
  A phantom (D:13)
  2 centaurs
  A nameless horror (D:13)
  Blork the orc (D:4)
  2 bullfrogs
  2 earth elementals
  A wyvern skeleton (D:14)
  A hound (D:14)
  A hound zombie (D:10)
  An adder (D:2)
  A worm (D:3)
  An orc (D:3)
  A giant cockroach (D:2)
  A hobgoblin (D:3)
  A quokka (D:3)
144 creatures vanquished.

Vanquished Creatures (others)
  A deep elf sorcerer (Elf:2)
  A demonic crawler (Spider:4)
  A flying skull (Volcano)
  A water elemental (Elf:1)
  3 humans
  A bullfrog (Lair:6)
  A quasit (WizLab)
  23 fungi
  32 plants
  4 starspawn tentacles (WizLab)
  3 tentacles (Shoals:3)
71 creatures vanquished.

Grand Total: 1450 creatures vanquished

Notes
Turn   | Place    | Note
-------+----------+-------------------------------------------
     0 | D:1      | Conn the Octopode Wizard began the quest for the Orb.
     0 | D:1      | Reached XP level 1. HP: 11/11 MP: 4/4
  1361 | D:2      | Reached XP level 2. HP: 17/17 MP: 6/6
  1376 | D:2      | Noticed Natasha
  1382 | D:2      | Killed Natasha
  1382 | D:2      | Reached XP level 3. HP: 12/21 MP: 4/8
  1443 | D:2      | Learned a level 2 spell: Blink
  1446 | D:2      | Learned a level 2 spell: Call Imp
  1450 | D:2      | Learned a level 3 spell: Conjure Flame
  1691 | D:2      | Reached skill level 4 in Spellcasting
  1691 | D:2      | Reached XP level 4. HP: 27/27 MP: 2/10
  1761 | D:2      | Noticed Terence
  1835 | D:2      | Killed Terence
  2000 | D:2      | Noticed Jessica
  2006 | D:2      | Killed Jessica
  2253 | D:2      | Noticed Natasha
  2264 | D:2      | Killed Natasha
  2264 | D:2      | Reached XP level 5. HP: 31/31 MP: 6/11
  2480 | D:2      | Noticed Natasha
  2492 | D:2      | Killed Natasha
  3550 | D:3      | Learned a level 3 spell: Mephitic Cloud
  3567 | D:4      | Noticed Blork the orc
  3582 | D:4      | Killed Blork the orc
  3625 | D:5      | Entered Level 5 of the Dungeon
  3727 | D:5      | Found Rutsuh's General Store.
  3738 | D:5      | Noticed a centaur
  3754 | D:5      | Killed a centaur
  3754 | D:5      | Reached skill level 1 in Short Blades
  3754 | D:5      | Reached XP level 6. HP: 20/36 MP: 2/12
  3785 | D:5      | Bought a potion of lignification for 36 gold pieces
  3955 | D:5      | Reached skill level 1 in Fighting
  4225 | D:4      | Noticed Sigmund
  4237 | D:4      | Killed Sigmund
  4237 | D:4      | Reached XP level 7. HP: 39/43 MP: 6/14
  4355 | D:4      | Found a sacrificial altar of Ru.
  4455 | D:4      | Reached skill level 5 in Spellcasting
  4567 | D:4      | Reached skill level 5 in Stealth
  4784 | D:4      | Found a blossoming altar of Fedhas.
  4804 | D:4      | Noticed an oklob plant
  5210 | D:5      | Reached XP level 8. HP: 47/48 MP: 15/15
  5246 | D:5      | Found a glowing golden altar of the Shining One.
  5246 | D:5      | Found a hide-covered altar of Uskayaw.
  5247 | D:5      | Found a bloodstained altar of Trog.
  5256 | D:5      | Found a glowing silver altar of Zin.
  5326 | D:5      | Found a staircase to the Ecumenical Temple.
  5335 | Temple   | Entered the Ecumenical Temple
  6631 | D:6      | Found Potolol's Assorted Antiques.
  6636 | D:6      | Bought an onyx ring for 110 gold pieces
  7264 | D:6      | Reached skill level 6 in Spellcasting
  7447 | D:6      | Found a bloodstained altar of Trog.
  7696 | D:6      | Reached skill level 5 in Conjurations
  7790 | D:6      | Found a snail-covered altar of Cheibriados.
  7848 | D:7      | Reached XP level 9. HP: 38/54 MP: 12/18
  8275 | D:7      | Reached skill level 1 in Poison Magic
  8767 | D:7      | Found a shadowy altar of Dithmenos.
  8853 | D:7      | Found a bloodstained altar of Trog.
  8893 | D:7      | Reached skill level 7 in Spellcasting
  8893 | D:7      | Reached skill level 1 in Air Magic
  8942 | D:7      | Reached skill level 5 in Short Blades
  9042 | D:7      | Found a shimmering blue altar of Sif Muna.
  9045 | D:7      | Became a worshipper of Sif Muna the Loreminder
  9767 | D:8      | Noticed a two-headed ogre
 11158 | D:8      | Found a basalt altar of Yredelemnul.
 11707 | D:8      | Killed a two-headed ogre
 11707 | D:8      | Reached skill level 8 in Spellcasting
 11707 | D:8      | Reached XP level 10. HP: 62/62 MP: 0/22
 11856 | D:9      | Noticed a kobold demonologist
 11869 | D:9      | Killed a kobold demonologist
 11939 | D:9      | Found Qeidwolo's Food Shop.
 12895 | D:9      | Identified a scroll of acquirement
 13086 | D:10     | Entered Level 10 of the Dungeon
 13342 | D:10     | Reached skill level 1 in Staves
 13357 | D:10     | Reached skill level 9 in Spellcasting
 13381 | D:10     | Reached * piety under Sif Muna
 13381 | D:10     | Reached skill level 1 in Evocations
 13543 | D:10     | Noticed a two-headed ogre
 14044 | D:9      | Reached XP level 11. HP: 67/67 MP: 22/24
 14504 | D:10     | Noticed a two-headed ogre
 14507 | D:10     | Reached skill level 10 in Spellcasting
 14544 | D:10     | Killed a two-headed ogre
 14703 | D:10     | Found a staircase to the Lair.
 15079 | D:10     | Killed a two-headed ogre
 15221 | D:10     | Noticed a two-headed ogre
 15362 | D:10     | Killed a two-headed ogre
 15479 | D:10     | Reached ** piety under Sif Muna
 16537 | D:11     | Noticed a manticore
 16548 | D:11     | Noticed a cyclops
 16821 | D:11     | Noticed Urug
 16835 | D:11     | Killed Urug
 16835 | D:11     | Reached XP level 12. HP: 31/74 MP: 18/26
 17076 | D:11     | Noticed a two-headed ogre
 17095 | D:11     | Killed a two-headed ogre
 17095 | D:11     | Reached skill level 11 in Spellcasting
 17242 | D:11     | Reached skill level 1 in Invocations
 17487 | D:11     | Reached *** piety under Sif Muna
 17626 | D:11     | Learned a level 5 spell: Iskenderun's Battlesphere
 17632 | D:11     | Learned a level 5 spell: Bolt of Magma
 17640 | D:11     | Learned a level 7 spell: Orb of Destruction
 17647 | D:11     | Noticed Erica
 17660 | D:11     | Killed Erica
 17980 | D:11     | Reached skill level 10 in Conjurations
 17980 | D:11     | Reached skill level 1 in Charms
 17993 | D:11     | Reached skill level 5 in Dodging
 19081 | D:12     | Reached **** piety under Sif Muna
 19751 | D:12     | Found a staircase to the Orcish Mines.
 20888 | D:12     | Reached XP level 13. HP: 79/79 MP: 28/28
 21155 | Orc:1    | Entered Level 1 of the Orcish Mines
 21189 | Orc:1    | Reached skill level 12 in Spellcasting
 21249 | Orc:1    | Found Moohadum's Distillery.
 21252 | Orc:1    | Bought a potion of heal wounds for 50 gold pieces
 21252 | Orc:1    | Bought a potion of curing for 30 gold pieces
 21252 | Orc:1    | Bought a potion of might for 40 gold pieces
 21252 | Orc:1    | Bought a potion of heal wounds for 50 gold pieces
 21589 | Orc:2    | Entered Level 2 of the Orcish Mines
 21746 | Orc:2    | Found a staircase to the Elven Halls.
 21954 | Orc:2    | Reached ***** piety under Sif Muna
 22111 | Orc:1    | Learned a level 4 spell: Hailstorm
 22115 | Orc:1    | Learned a level 3 spell: Ozocubu's Armour
 22670 | Orc:2    | Identified Sif Muna's Catalogue of Feathers (Sif Muna
                  | gifted it to you on level 2 of the Orcish Mines)
 22670 | Orc:2    | Received a gift from Sif Muna
 23877 | Orc:1    | Reached skill level 1 in Ice Magic
 24286 | Orc:2    | Found Kapycied's Magic Scroll Boutique.
 24286 | Orc:2    | Found Janwerush's Assorted Antiques.
 24316 | Orc:2    | Found a roughly hewn altar of Beogh.
 24393 | Orc:2    | Found Hizuqopt's Jewellery Boutique.
 24393 | Orc:2    | Found Egukhlus's General Store.
 24399 | Orc:2    | Bought the ring "Zoridd" {rF++ MP+9 Stlth+} for 709 gold
                  | pieces
 24399 | Orc:2    | Bought a +4 ring of intelligence for 405 gold pieces
 24561 | Orc:2    | Found a gateway to a bazaar.
 24567 | Bazaar   | Entered a bazaar
 24572 | Bazaar   | Found Orghoif's Magic Scroll Boutique.
 24590 | Bazaar   | Found Cytre's Antique Weapon Shoppe.
 24608 | Bazaar   | Found Taezoann's Gadget Boutique.
 24625 | Bazaar   | Found Eptafung's Antique Armour Emporium.
 24673 | Bazaar   | Bought a glowing buckler for 247 gold pieces
 24787 | Bazaar   | Bought a scroll of teleportation for 48 gold pieces
 24787 | Bazaar   | Bought a scroll of teleportation for 48 gold pieces
 25061 | Orc:2    | Bought 3 scrolls of fear for 157 gold pieces
 25061 | Orc:2    | Bought a scroll of fear for 52 gold pieces
 25464 | Lair:1   | Entered Level 1 of the Lair of Beasts
 25979 | Lair:1   | Reached skill level 1 in Earth Magic
 26076 | Lair:1   | Found a dark tunnel.
 26085 | Volcano  | Entered a volcano
 26092 | Volcano  | Reached skill level 1 in Shields
 27933 | Lair:2   | Found a hole to the Spider Nest.
 28321 | Lair:2   | Reached XP level 14. HP: 77/86 MP: 30/30
 28540 | Lair:2   | Reached skill level 5 in Invocations
 28547 | Lair:2   | Found a staircase to the Shoals.
 28651 | Lair:2   | Noticed Sonja
 28654 | Lair:2   | Killed Sonja
 29112 | Lair:2   | Identified Sif Muna's Compendium of the Traveller and
                  | Slavery (Sif Muna gifted it to you on level 2 of the Lair
                  | of Beasts)
 29112 | Lair:2   | Received a gift from Sif Muna
 29118 | Lair:2   | Reached skill level 13 in Spellcasting
 31800 | Lair:5   | Found a staircase to the Slime Pits.
 32608 | Lair:6   | Entered Level 6 of the Lair of Beasts
 32895 | Lair:6   | Identified Sif Muna's Reference Book on Summoning (Sif Muna
                  | gifted it to you on level 6 of the Lair of Beasts)
 32895 | Lair:6   | Received a gift from Sif Muna
 33251 | Lair:6   | Reached skill level 1 in Fire Magic
 33260 | Lair:6   | Noticed Kirke
 33397 | Lair:5   | Learned a level 7 spell: Spellforged Servitor
 33557 | Lair:6   | Reached skill level 5 in Summonings
 33563 | Lair:6   | Killed Kirke
 33563 | Lair:6   | Reached skill level 14 in Spellcasting
 33580 | Lair:6   | Reached XP level 15. HP: 79/90 MP: 4/33
 34023 | Lair:6   | Identified Sif Muna's Disquisition on the Creative
                  | Volcanoes
 34283 | Lair:6   | Reached skill level 5 in Shields
 35111 | Lair:1   | Got a sparkling pewter ring
 35113 | Lair:1   | Got an encrusted falchion
 35114 | Lair:1   | Identified the +9 falchion of Tender Mercy {venom, rElec
                  | rPois Stlth-} (You found it on level 1 of the Lair of
                  | Beasts)
 35362 | D:13     | Found a gate leading to a gauntlet.
 35371 | Gauntlet | Entered a Gauntlet
 35371 | Gauntlet | Found a transporter.
 35371 | Gauntlet | Found a transporter.
 35373 | Gauntlet | Found a transporter.
 35373 | Gauntlet | Found a transporter.
 35400 | Gauntlet | Found a transporter.
 35400 | Gauntlet | Found a transporter.
 35404 | Gauntlet | Found a transporter.
 35404 | Gauntlet | Found a transporter.
 35416 | Gauntlet | Found a transporter.
 35432 | Gauntlet | Found a transporter.
 35442 | Gauntlet | Found a transporter.
 35456 | Gauntlet | Found a transporter.
 35478 | Gauntlet | Found a transporter.
 35479 | Gauntlet | Found a runed translucent door.
 35494 | Gauntlet | Found a transporter.
 36124 | Gauntlet | Got a transparent golden ring
 36126 | Gauntlet | Identified the ring "Wotti" {rElec rPois} (You found it on
                  | level 1 of the Lair of Beasts)
 36128 | Gauntlet | Identified the ring of Kefi Efu {rElec rPois rCorr SInv
                  | Stlth-} (You found it in a Gauntlet)
 36138 | Gauntlet | Reached XP level 16. HP: 92/97 MP: 11/34
 36332 | Gauntlet | Got a translucent hand crossbow
 36818 | D:13     | Identified Sif Muna's Papyrus of Envenoming and the
                  | Entourage (Sif Muna gifted it to you on level 13 of the
                  | Dungeon)
 36818 | D:13     | Received a gift from Sif Muna
 37035 | D:13     | Learned a level 4 spell: Airstrike
 37052 | D:13     | Found a runed translucent door.
 37494 | D:13     | Got a smoking longbow
 37495 | D:13     | Identified the +7 hand crossbow of Slow Death {venom, rPois
                  | rF- Int+5 SInv} (You found it in a Gauntlet)
 37520 | D:13     | Found the amulet of Vitality {Regen+ HP+15}
 37650 | D:13     | Noticed Jorgrun
 37665 | D:13     | Killed Jorgrun
 38048 | D:13     | Found a gate to the Vaults.
 38298 | D:13     | Reached skill level 15 in Spellcasting
 38925 | D:14     | Identified Sif Muna's Grimoire of Enchanting Enhancements
                  | (Sif Muna gifted it to you on level 14 of the Dungeon)
 38925 | D:14     | Received a gift from Sif Muna
 39495 | D:14     | Noticed Nessos
 39510 | D:14     | Killed Nessos
 40123 | D:14     | Learned a level 5 spell: Fireball
 40149 | D:15     | Entered Level 15 of the Dungeon
 40149 | D:15     | Noticed Louise
 40277 | D:14     | Reached XP level 17. HP: 83/101 MP: 36/36
 40580 | D:15     | Found a staircase to the Depths.
 40724 | D:15     | Killed Louise
 41398 | D:15     | Reached skill level 1 in Long Blades
 41400 | D:15     | Reached skill level 1 in Throwing
 41488 | D:15     | Reached skill level 16 in Spellcasting
 41740 | D:15     | Found a shattered altar of Ashenzari.
 42129 | Elf:1    | Entered Level 1 of the Elven Halls
 42144 | Elf:1    | Identified Sif Muna's Handbook of Conjuration (Sif Muna
                  | gifted it to you on level 1 of the Elven Halls)
 42144 | Elf:1    | Received a gift from Sif Muna
 42330 | Orc:2    | Learned a level 6 spell: Freezing Cloud
 42838 | Elf:1    | Reached XP level 18. HP: 108/108 MP: 38/38
 43194 | Elf:1    | Reached skill level 15 in Conjurations
 43977 | Elf:2    | Reached skill level 17 in Spellcasting
 44005 | Elf:2    | Found a runed translucent gate.
 44007 | Elf:2    | Found a runed translucent gate.
 44095 | Elf:2    | Found a runed translucent gate.
 44103 | Elf:2    | Reached XP level 19. HP: 112/112 MP: 18/40
 44727 | Elf:2    | Identified Sif Muna's Tome of the Rocks and Attacks (Sif
                  | Muna gifted it to you on level 2 of the Elven Halls)
 44727 | Elf:2    | Received a gift from Sif Muna
 45764 | Elf:3    | Entered Level 3 of the Elven Halls
 45884 | Elf:3    | Found a magical portal.
 45894 | WizLab   | Entered The Roulette of Golubria
 45894 | WizLab   | Found a transporter.
 45910 | WizLab   | Found a corrupted altar of Lugonu.
 45911 | WizLab   | Found the +1 cloak of Starlight {rElec rC+ EV+4 Stlth--}
 45930 | WizLab   | Reached skill level 18 in Spellcasting
 45939 | WizLab   | Found a transporter.
 45992 | WizLab   | Found the +2 cloak of the Thief {+Fog Slay-2 SInv Stlth+}
 46028 | WizLab   | Found a transporter.
 46158 | WizLab   | Noticed a tentacled monstrosity
 46176 | WizLab   | Found a corrupted altar of Lugonu.
 46293 | WizLab   | Found a transporter.
 46293 | WizLab   | Found a transporter.
 46295 | WizLab   | Identified Golubria's Grimoire of the Compass
 46304 | WizLab   | Learned a level 6 spell: Dispersal
 46343 | WizLab   | Found a transporter.
 46368 | WizLab   | Found a transporter.
 46408 | WizLab   | Found a corrupted altar of Lugonu.
 46408 | WizLab   | Found a transporter.
 46458 | WizLab   | Found a transporter.
 46543 | WizLab   | Found a transporter.
 46704 | WizLab   | Found a transporter.
 46704 | WizLab   | Found a transporter.
 46875 | WizLab   | Found a transporter.
 47012 | WizLab   | Found a transporter.
 47012 | WizLab   | Found a transporter.
 47393 | WizLab   | Found a transporter.
 47510 | WizLab   | Found a transporter.
 47510 | WizLab   | Found a transporter.
 47568 | WizLab   | Found a transporter.
 47568 | WizLab   | Found a transporter.
 47581 | WizLab   | Killed a tentacled monstrosity
 47935 | Elf:3    | Found a radiant altar of Vehumet.
 48405 | Elf:3    | Reached skill level 5 in Translocations
 48535 | Elf:3    | Reached XP level 20. HP: 117/117 MP: 6/42
 48540 | Elf:3    | Received a gift from Sif Muna
 49006 | Elf:3    | Reached skill level 19 in Spellcasting
 49338 | Elf:3    | Identified the ring of the Establishment {rPois rN+ Dex-2
                  | Stlth+}
 49422 | Elf:3    | Identified An Early Guide to the Arcane Arts
 49486 | Elf:3    | Identified the Handbook of the Manifold Suns
 49516 | Elf:3    | Got a steaming fustibalus
 49521 | Elf:3    | Identified the +5 fustibalus of Gehenna {flame, rF+} (You
                  | found it on level 3 of the Elven Halls)
 49948 | Shoals:1 | Entered Level 1 of the Shoals
 49950 | Shoals:1 | Identified Roxanne's Compendium of the Mountains
 49950 | Shoals:1 | Noticed Roxanne
 49957 | Shoals:1 | Killed Roxanne
 51284 | Shoals:2 | Found a transporter.
 51291 | Shoals:2 | Reached skill level 10 in Fire Magic
 51475 | Shoals:2 | Noticed flestrin's ghost (journeyman MfBe)
 51697 | Shoals:2 | Found a transporter.
 52355 | Shoals:2 | Killed flestrin's ghost
 52379 | Shoals:2 | Identified The Last Secrets of the Arcane Arts
 52702 | Shoals:3 | Identified Sif Muna's Reference Book on the Earthen Glacier
                  | (Sif Muna gifted it to you on level 3 of the Shoals)
 52702 | Shoals:3 | Received a gift from Sif Muna
 54160 | Shoals:4 | Entered Level 4 of the Shoals
 54160 | Shoals:4 | Found the +4 moon troll leather armour {Spirit, Regen++
                  | MP+5}
 55338 | Shoals:4 | Got a barnacled rune of Zot
 55372 | Shoals:4 | Identified Ukheczeu's Collected Works on Boosts and the
                  | Traveller
 55490 | Shoals:4 | Reached skill level 20 in Spellcasting
 55490 | Shoals:4 | Reached XP level 21. HP: 123/123 MP: 42/45
 55497 | Shoals:4 | Got an iridescent quarterstaff
 55583 | Shoals:4 | Identified the +10 quarterstaff "Joythret" {speed, +Rage
                  | rElec rF+ Str-2} (You found it on level 4 of the Shoals)
 55862 | Spider:1 | Entered Level 1 of the Spider Nest
 55867 | Spider:1 | Received a gift from Sif Muna
 55896 | Spider:1 | Learned a level 8 spell: Ignition
 57656 | Spider:3 | Identified Sif Muna's Grimoire of Mutagenic Heat (Sif Muna
                  | gifted it to you on level 3 of the Spider Nest)
 57656 | Spider:3 | Received a gift from Sif Muna
 58077 | Spider:3 | Reached skill level 5 in Fighting
 58855 | Spider:4 | Entered Level 4 of the Spider Nest
 59379 | Spider:4 | Reached skill level 5 in Ice Magic
 59389 | Spider:4 | Identified Sif Muna's Incunabulum of Cloudy Companions (Sif
                  | Muna gifted it to you on level 4 of the Spider Nest)
 59389 | Spider:4 | Received a gift from Sif Muna
 59828 | Spider:4 | Noticed Agnes
 59831 | Spider:4 | Killed Agnes
 59833 | Spider:4 | Noticed Mara
 59836 | Spider:4 | Noticed Conn's illusion
 59854 | Spider:4 | Noticed Conn's illusion
 59864 | Spider:4 | Blown up by a spellforged servitor

Levels and vault maps discovered:
D:1:      dpeg_arrival_more_subterranean_lakeside_camping, layout_basic
D:2:      minmay_evil_eye, layout_basic, uniq_terence, uniq_natasha,
          uniq_jessica
D:3:      layout_basic
D:4:      cheibrodos_pilgrimage, layout_basic, lemuel_round_altar, first_ration,
          tgw_fedhas, uniq_sigmund, uniq_blork_the_orc
D:5:      layout_gridville, nicolae_overflow_quartered_altars,
          minmay_temple_entry_nine_rooms, serial_shops, nicolae_shop_stone,
          mrwooster_statue_mirror
D:6:      layout_rooms, kennysheep_mini_moat, serial_shops,
          kennysheep_little_box, trog_hazing_becter
D:7:      minmay_angry_zag, layout_cave_pools, lemuel_blue_sif_altar,
          nicolae_dithmenos_shadow_blocks, basic_altar, grunt_ogre_cave,
          nrook_mini_vaults
D:8:      layout_layer_cave, yredelemnul_forgotten_temple_becter,
          hangedman_abyss_or_decor_passed, nrook_loot_triangle
D:9:      layout_gridville, serial_shops, shop
D:10:     minmay_s_stair_smasher, layout_basic, lair_entry_dummy
D:11:     layout_gridville, uniq_urug, uniq_erica
D:12:     layout_irregular_city, hiddenorc1_lemuel, minivault_16
D:13:     mludivico_vault, layout_irregular_city, ximxim_vaults_locker_room,
          gauntlet_entry_generic, uniq_jorgrun
D:14:     layout_basic, chequers_avenue, serial_bayou_pond_b, drop_trap,
          minmay_joined_circles, uniq_nessos
D:15:     hangedman_depths_entry_civil_slaughter, layout_small_grid,
          evilmike_ruin_ashenzari, uniq_louise
Temple:   nicolae_temple_figure_eight
Lair:1:   dpeg_oklob_gauntlet, layout_layer_cave, enter_volcano_1
Lair:2:   layout_long_grid, minmay_shoals_entry_lonely_mermaid,
          spider_nest_entry_a, minmay_shattered_shrine, uniq_sonja
Lair:3:   layout_cave_shapes
Lair:4:   layout_regular_city, serial_bayou_shore_a, grunt_megastairs_3
Lair:5:   layout_regular_city, minmay_slime_entry_pillars,
          chequers_serial_rivers_micro_a, minivault_19,
          kennysheep_abandoned_house
Lair:6:   minmay_lair_end_frog_pond, layout_regular_city, uniq_kirke
Shoals:1: layout_shoals, uniq_roxanne
Shoals:2: layout_shoals, gammafunk_ghost_arena
Shoals:3: layout_shoals, centaur_isle
Shoals:4: shoals_end_simple, layout_shoals, nicolae_shoals_square_sea_wall
Spider:1: layout_spider_delve, hangedman_spider_tarantella_strand
Spider:2: layout_spider_delve
Spider:3: layout_spider_delve
Spider:4: grunt_spider_rune_circles, drop_trap, uniq_mara, uniq_agnes
Orc:1:    layout_diamond_mine, serial_shops, nicolae_shop_behind_doors
Orc:2:    st_orc_town, layout_diamond_mine, serial_shops, bzr_entry_safe
Elf:1:    minmay_elf_arrival_summoners, layout_geoelf_octagon, minivault_28
Elf:2:    layout_gridlike
Elf:3:    minmay_elf_hall_circle, layout_loops_cross, basic_altar,
          mu_enter_wizlab_4, glass_columns_a, wad_floor_pattern_1,
          kilobyte_rumbling_trees

Skill      XL: |  1  2  3  4  5  6  7  8  9 10 11 12 13 14 15 16 17 18 19 20 21 |
---------------+----------------------------------------------------------------+-----
Stealth        | 3 4 5 6 |  6.2
Spellcasting   | 4 5 6 8 9 10 11 12 14 15 16 17 18 20 | 20.4
Dodging        | 3 4 5 6 |  6.6
Conjurations   | 2 3 5 6 8 9 10 11 12 13 14 15 16 | 16.8
Short Blades   | 1 2 3 5 6 7 |  7.6
Fighting       | 1 2 3 4 5 |  5.0
Poison Magic   | 2 3 4 |  4.4
Air Magic      | 1 2 3 4 |  4.0
Translocations | 2 3 4 5 6 7 |  7.8
Staves         | 1 2 |  2.1
Evocations     | 1 |  1.8
Invocations    | 2 4 5 |  5.4
Summonings     | 3 4 5 6 |  6.0
Charms         | 2 4 |  4.7
Ice Magic      | 1 2 5 |  5.6
Earth Magic    | 2 4 |  4.0
Shields        | 2 4 5 6 |  6.3
Fire Magic     | 1 4 7 8 9 10 | 10.9
Long Blades    | 1 |  1.1
Throwing       | 1 |  1.2

Action                   |  1- 3 |  4- 6 |  7- 9 | 10-12 | 13-15 | 16-18 | 19-21 || total
-------------------------+-------+-------+-------+-------+-------+-------+-------++-------
Melee: Unarmed           |     7 |       |       |       |       |       |       ||     7
       Short sword       |    16 |    74 |   242 |   364 |   114 |       |       ||   810
       Constrict         |     8 |    14 |    31 |    36 |    24 |    14 |     8 ||   135
       Tentacles         |     4 |    10 |    36 |   101 |    43 |    20 |    11 ||   225
       Staff             |       |     1 |       |   111 |    14 |    39 |    36 ||   201
       Falchion          |       |       |       |       |    32 |    42 |    11 ||    85
Throw: Javelin           |       |       |     6 |     7 |       |       |       ||    13
       Dart              |       |       |       |       |       |     3 |     1 ||     4
 Cast: Magic Dart        |    33 |    77 |   176 |   440 |   676 |   407 |   378 ||  2187
       Call Imp          |     1 |    10 |     8 |     7 |       |       |       ||    26
       Mephitic Cloud    |       |     5 |    33 |    94 |    67 |    71 |    23 ||   293
       Blink             |       |       |    14 |    12 |    47 |    11 |    17 ||   101
       Conjure Flame     |       |       |     5 |    26 |     6 |     1 |       ||    38
       Iskenderun's Batt |       |       |       |    18 |   120 |    72 |   109 ||   319
       Bolt of Magma     |       |       |       |     1 |    32 |    50 |   144 ||   227
       Orb of Destructio |       |       |       |     1 |    23 |    37 |    87 ||   148
       Hailstorm         |       |       |       |       |    23 |     5 |       ||    28
       Ozocubu's Armour  |       |       |       |       |    12 |     1 |    12 ||    25
       Spellforged Servi |       |       |       |       |       |    20 |    59 ||    79
       Airstrike         |       |       |       |       |       |    39 |    76 ||   115
       Fireball          |       |       |       |       |       |    14 |    85 ||    99
       Freezing Cloud    |       |       |       |       |       |     1 |     7 ||     8
       Dispersal         |       |       |       |       |       |       |    19 ||    19
Invok: Channel Magic     |       |       |       |       |     2 |     1 |    10 ||    13
       Forget Spell      |       |       |       |       |       |     1 |       ||     1
Evoke: Wand              |       |       |     8 |    18 |       |       |     4 ||    30
  Use: Scroll            |       |       |       |    23 |    14 |     3 |    11 ||    51
       Potion            |       |       |       |     2 |    10 |     4 |    10 ||    26
 Stab: Sleeping          |     2 |     6 |    12 |     6 |     6 |     1 |     3 ||    36
       Confused          |       |     3 |     7 |    39 |    14 |     4 |     1 ||    68
       Distracted        |       |       |     3 |     1 |     1 |       |       ||     5
       Paralysed         |       |       |       |     2 |       |       |       ||     2
  Eat: Chunk             |     2 |     8 |    16 |    23 |    35 |    28 |    48 ||   160
       Ration            |       |       |     2 |     3 |     7 |     4 |     5 ||    21
Armor: Skin              |     1 |     2 |     3 |    21 |    37 |    19 |    22 ||   105
Dodge: Dodged            |    18 |    90 |   201 |   347 |   344 |   146 |   239 ||  1385
Block: Buckler           |       |       |       |       |   102 |    81 |    65 ||   248
       Rpst.: Falchion   |       |       |       |       |     6 |     4 |     3 ||    13

Table legend:
 A = Non-vault XP
 B = Vault XP
 C = Vault XP percentage of total XP
 D = Non-vault monster count
 E = Vault monster count
 F = Vault count percentage of total count
                 A         B        C        D         E       F
            +---------+---------+-------+---------+---------+-------
      Total |  234311 |  198222 |  45.8 |     907 |     464 |  33.8
            +---------+---------+-------+---------+---------+-------
        D:1 |      13 |       0 |   0.0 |       5 |       0 |   0.0
        D:2 |      92 |     108 |  54.0 |      16 |       7 |  30.4
        D:3 |      27 |       0 |   0.0 |      15 |       0 |   0.0
        D:4 |     363 |     337 |  48.1 |      14 |       7 |  33.3
        D:5 |     624 |       0 |   0.0 |      23 |       0 |   0.0
        D:6 |     650 |      10 |   1.5 |      24 |       6 |  20.0
        D:7 |     745 |     458 |  38.1 |      18 |       7 |  28.0
        D:8 |    2026 |       1 |   0.0 |      12 |       1 |   7.7
        D:9 |    3147 |       0 |   0.0 |      24 |       0 |   0.0
       D:10 |    6011 |    3226 |  34.9 |      46 |      15 |  24.6
       D:11 |    3982 |    1751 |  30.5 |      32 |       2 |   5.9
       D:12 |    8662 |     210 |   2.4 |      57 |      17 |  23.0
       D:13 |    6846 |   13313 |  66.0 |      35 |      32 |  47.8
       D:14 |   10728 |    4784 |  30.8 |      46 |      17 |  27.0
       D:15 |   17340 |    6047 |  25.9 |      58 |       7 |  10.8
     Lair:1 |    3884 |    2252 |  36.7 |      17 |       4 |  19.0
     Lair:2 |    4026 |    4687 |  53.8 |      18 |      15 |  45.5
     Lair:3 |    3000 |       0 |   0.0 |      16 |       0 |   0.0
     Lair:4 |    2180 |    1435 |  39.7 |      12 |       6 |  33.3
     Lair:5 |    4805 |    1627 |  25.3 |      14 |      17 |  54.8
     Lair:6 |    7497 |   14596 |  66.1 |      20 |      50 |  71.4
   Shoals:1 |    4479 |    1889 |  29.7 |      10 |       1 |   9.1
   Shoals:2 |   15137 |    5395 |  26.3 |      34 |       7 |  17.1
   Shoals:3 |   16754 |    1436 |   7.9 |      37 |       6 |  14.0
   Shoals:4 |    7580 |   19524 |  72.0 |      18 |      32 |  64.0
   Spider:1 |    7321 |     205 |   2.7 |      26 |       1 |   3.7
   Spider:2 |    5613 |       0 |   0.0 |      17 |       0 |   0.0
   Spider:3 |   20430 |       0 |   0.0 |      70 |       0 |   0.0
   Spider:4 |   11693 |    6496 |  35.7 |      43 |      10 |  18.9
      Orc:1 |     968 |    2992 |  75.6 |      15 |       9 |  37.5
      Orc:2 |    1190 |    4442 |  78.9 |      22 |      48 |  68.6
      Elf:1 |   16670 |    9830 |  37.1 |      32 |      16 |  33.3
      Elf:2 |   28759 |   22521 |  43.9 |      44 |      30 |  40.5
      Elf:3 |   10352 |   40937 |  79.8 |      15 |      33 |  68.8
    Volcano |       0 |    5957 | 100.0 |       0 |      20 | 100.0
     WizLab |     717 |   19162 |  96.4 |       2 |      34 |  94.4
   Gauntlet |       0 |    2594 | 100.0 |       0 |       7 | 100.0
            +---------+---------+-------+---------+---------+-------
